 Dungeon Crawl Stone Soup version 0.28-a0-794-gafe8c5f9e9 (webtiles) character file.

Game seed: 4760646910756636451

20 kae the Caller (level 2, 0/16 HPs)
             Began as a Tengu Summoner on Nov 5, 2021.
             Slain by a hobgoblin (4 damage)
             ... on level 1 of the Dungeon.
             The game lasted 00:00:45 (1483 turns).

kae the Caller (Tengu Summoner)                     Turns: 1483, Time: 00:00:45

Health: 0/16       AC:  2    Str:  8    XL:     2   Next: 79%
Magic:  2/6        EV: 12    Int: 15    God:
Gold:   27         SH:  0    Dex: 14    Spells: 2/5 levels left

rFire   . . .      SeeInvis .   (no weapon)
rCold   . . .      Faith    .   (no shield)
rNeg    . . .      Spirit   .   a - +0 robe
rPois   .          Reflect  .   (helmet restricted)
rElec   .          Harm     .   (no cloak)
rCorr   .          Rampage  .   (no gloves)
Will    .....                   (boots unavailable)
Stlth   ++........              (no amulet)
HPRegen 0.05/turn               (no ring)
MPRegen 0.10/turn               (no ring)

@: no status effects
A: beak, talons 3
a: no special abilities


You were on level 1 of the Dungeon.
You visited 1 branch of the dungeon, and saw 2 of its levels.

You collected 27 gold pieces.

Inventory:

Armour
 a - a +0 robe (worn)
Scrolls
 b - a scroll of teleportation
Potions
 d - a potion of flight {unknown}
 e - a potion of might {unknown}


   Skills:
 + Level 0.8 Fighting
 + Level 2.5 Dodging
 - Level 2.0 Stealth
 + Level 2.2 Spellcasting
 * Level 5.2 Summonings


You had 2 spell levels left.
You knew the following spells:

 Your Spells              Type           Power      Damage    Failure   Level
a - Summon Small Mammal   Summ           68%        N/A       2%          1
b - Call Imp              Summ           17%        N/A       3%          2

Your spell library contained the following spells:

 Spells                   Type           Power      Damage    Failure   Level
 Call Canine Familiar     Summ           17%        N/A       8%          3
 Summon Guardian Golem    Hex/Summ       9%         N/A       22%         3
 Summon Lightning Spire   Summ/Air       9%         N/A       58%         4


Dungeon Overview and Level Annotations

Branches:
Dungeon (2/15)

Altars:


Innate Abilities, Weirdness & Mutations

You have a beak for a mouth.
You have claws for feet.


Message History

Casting: Call Imp (safe; 3% risk of failure)
Confirm with . or Enter, or press ? or * to list all spells.
An orc comes into view. It is wielding a +0 mace.
The orc hits you with a +0 mace.
You swap places.
Your shadow imp hits the orc.
The orc barely misses your rat.
Your rat bites the orc.
The hobgoblin hits your rat.
Your rat dies!
Your rat's corpse disappears in a puff of smoke!
A hobgoblin comes into view.
Casting: Summon Small Mammal (safe; 2% risk of failure)
Confirm with . or Enter, or press ? or * to list all spells.
The goblin hits your shadow imp with a +0 club.
Your shadow imp dies!
Your shadow imp disappears in a puff of smoke!
Your bat hits the orc. The orc closely misses you.
Your bat barely misses the orc.
You hit the orc. Your kick misses the orc. Your peck misses the orc.
The orc is almost dead.
Your bat closely misses the orc.
Your bat barely misses the orc.
The orc hits you with a +0 mace!
Your bat hits the orc.
The orc dies!
Your bat hits the hobgoblin but does no damage.
Your bat barely misses the hobgoblin.
Your bat barely misses the orc.
Your bat barely misses the orc.
Your bat misses the orc. The goblin barely misses your bat.
Your bat barely misses the orc.
There is a stone staircase leading up here.
Your bat barely misses the orc.
Your bat hits the orc but does no damage.
The hobgoblin hits you but does no damage.
Something barely misses your bat.
You climb upwards.
There is a stone staircase leading down here.
Casting: Summon Small Mammal (safe; 2% risk of failure)
Confirm with . or Enter, or press ? or * to list all spells.
A beastly little devil appears in a puff of flame.
The hobgoblin hits you.
* * * LOW HITPOINT WARNING * * *
The hobgoblin hits you.
You die...

####.## #.##...########### #.#
#.##.............# ###
##.######.##...#########.###.##
#.............................#
#..##.#........#########.###.##
###..##.#..####..# #.# #.#
.##..##......##.5# #.# #.#
............>....# #.# #.#
.##...##.....###@# #.# #.#
.##♣≈.♣♣.....###g# #.# #.##
.##♣♣.P♣♣........# #.# #..#
...♣≈≈♣♣♣..#...### #.# ##.#
#♣♣♣♣≈≈♣....#.#.###### #.# #.#
♣♣ ♣≈≈♣♣♣♣♣♣#.##.###### #.# #.#
P♣♣♣)≈≈P♣♣♣.......#_..# #.# #.#
..≈.≈≈≈≈≈....>##.###..# #.# #>#
P♣♣≈.≈≈♣.♣≈♣#.#.##.#..# #.# #.#


You could see a hobgoblin (ally target) and a friendly crimson imp (summoned).

Vanquished Creatures
  2 hobgoblins (D:1)
  3 kobolds (D:1)
  A quokka (D:1)
  A frilled lizard (D:1)
  A rat (D:1)
8 creatures vanquished.

Vanquished Creatures (collateral kills)
  2 orcs (D:2)
  An endoplasm (D:1)
  A hobgoblin (D:1)
  2 ball pythons (D:1)
  A frilled lizard (D:1)
  A kobold (D:1)
  2 rats (D:1)
10 creatures vanquished.

Vanquished Creatures (others)
  2 plants (D:1)
2 creatures vanquished.

Grand Total: 20 creatures vanquished

Notes
Turn   | Place    | Note
-------+----------+-------------------------------------------
     0 | D:1      | kae the Tengu Summoner began the quest for the Orb.
     0 | D:1      | Reached XP level 1. HP: 10/10 MP: 4/4
   406 | D:1      | Reached skill level 5 in Summonings
   577 | D:1      | Reached XP level 2. HP: 15/16 MP: 4/6
   613 | D:1      | Learned a level 2 spell: Call Imp
   616 | D:1      | Found a faded altar of an unknown god.
  1483 | D:1      | Slain by a hobgoblin

Illustrated notes

Levels and vault maps discovered:
D:1:      eino_arrival_cavern_a, layout_loops_ring, serial_bayou,
          serial_bayou_lake_a, serial_bayou_pond_a, serial_bayou_shore_a,
          serial_bayou_crossing, ebering_ecumenical_altar_rust
D:2:      layout_basic, serial_shops, nicolae_square_shop,
          minmay_misc_feat_more_columns, guppyfry_early_orc_mine

Skill      XL: |  1 |
---------------+----+-----
Summonings     | 5 |  5.2
Fighting       | |  0.8
Dodging        | |  2.5
Stealth        | |  2.0
Spellcasting   | |  2.2

Action                   || total
-------------------------++-------
Melee: Unarmed           ||    47
       Kick              ||     9
       Peck              ||     5
 Cast: Summon Small Mamm ||    13
       Call Imp          ||     5
  Use: Scroll            ||     2
 Stab: Sleeping          ||     1
Armor: Robe              ||     7
Dodge: Dodged            ||    43

Table legend: (Time is in decaauts)
 A = Elapsed time spent in this place.
 B = Non-inter-level travel time spent in this place.
 C = Inter-level travel time spent in this place.
 D = Time resting spent in this place.
 E = Time spent auto-exploring this place.
 F = Levels seen in this place.
 G = Mean time per level.
                   A        B        C        D        E       F      G
               +--------+--------+--------+--------+--------+-----+--------+
         Total |   1524 |   1466 |     58 |      0 |   1282 |   2 |  762.0 |
       Dungeon |   1524 |   1466 |     58 |      0 |   1282 |   2 |  762.0 |
               +--------+--------+--------+--------+--------+-----+--------+

Top non-repeatable levels by time:
     D:1: 1490 daAuts
     D:2: 33 daAuts
